Cogmind - Beta 15 @@@ ROGUE MODE // 2025.05.07 @ 20:54:00 Player: celerysam Result: Destroyed by KZ-OG3(R) with Subdweller Machine Gun Performance ------------- Evolutions (0) 0 Regions Visited (1) 200 Robots Destroyed (17) 85 Value Destroyed (330) 330 Prototype IDs (2) 40 Alien Tech Used (0) 0 Bonus (0) 0 TOTAL SCORE: 655 Bonus ------- None Cogmind --------- Core Integrity 0/250 Matter 136/300 Energy 178/250 System Corruption 3% Temperature Cool (0) Movement Treading (240) Ox1 Location -10/Materials Parts ------- > --- POWER (1) -------- Ion Engine > --- PROPULSION (2) --- Light Treads > --- UTILITY (2) ------ Improved Heat Sink Large Storage Unit > --- WEAPON (2) ------- Beam Cannon > --- INVENTORY (15) --- Light Ion Engine Wheel Small Storage Unit Medium Battery (150) Structural Scanner Small Laser Assault Rifle Light Assault Rifle Light Assault Rifle Light Cannon Light Cannon Light Cannon Grenade Launcher Peak State ------------ > --- POWER ------------ Ion Engine > --- PROPULSION ------- Light Treads Light Treads > --- UTILITY ---------- Improved Heat Sink Large Storage Unit > --- WEAPON ----------- Light Cannon Light Cannon > --- INVENTORY -------- Ion Engine Light Ion Engine Aluminum Leg Aluminum Leg Small Storage Unit Medium Battery Structural Scanner Small Laser Beam Cannon Assault Rifle Light Assault Rifle Light Assault Rifle Light Cannon Light Cannon Grenade Launcher [Rating: 10] Favorites ----------- Power Ion Engine Engine Ion Engine Propulsion Light Treads Treads Light Treads Leg Aluminum Leg Wheel Compact Wheel Utility Large Storage Unit Device Improved Heat Sink Storage Large Storage Unit Weapon Light Cannon Energy Cannon Beam Cannon Ballistic Gun Light Assault Rifle Ballistic Cannon Light Cannon Build | -11 -10 ------- Run | Yrd Mat Slots Evolved . | . . Power . | . . Propulsion . | . . Utility . | . . Weapon . | . . Parts Attached 17 | 4 13 Power 2 | 1 1 Engine 2 | 1 1 Core . | . . Reactor . | . . Propulsion 6 | . 6 Treads 2 | . 2 Leg 2 | . 2 Wheel 2 | . 2 Hover . | . . Flight . | . . Utility 4 | 1 3 Device 1 | . 1 Storage 3 | 1 2 Processor . | . . Hackware . | . . Protection . | . . Artifact . | . . Weapon 5 | 2 3 Energy Gun . | . . Energy Cannon 1 | . 1 Ballistic Gun 2 | 2 . Ballistic Cannon 2 | . 2 Launcher . | . . Special Weapon . | . . Impact Weapon . | . . Slashing Weapon . | . . Piercing Weapon . | . . Special Melee Weapon . | . . Unidentified Prototypes . | . . Parts Lost 5 | . 5 Power 1 | . 1 Propulsion 3 | . 3 Utility . | . . Weapon 1 | . 1 Highest Loss Streak 3 | . 3 To Critical Strikes . | . . Average Backups 11 | 5 12 Power 1 | . 1 Propulsion 2 | 4 2 Utility 1 | . 1 Weapon 5 | 1 6 Tool/Special . | . . Unused Backups 8 | . 8 Power 1 | . 1 Propulsion 1 | . 1 Utility 1 | . 1 Weapon 5 | . 5 Tool/Special . | . . Average Slot Usage (%) 96 | . 96 Engine 14 | . 14 Treads 16 | . 16 Wheel 11 | . 11 Device 6 | . 6 Storage 18 | . 18 Energy Cannon 4 | . 4 Ballistic Gun 9 | . 9 Ballistic Cannon 13 | . 13 Peak Build Rating 10 | 4 10 Average Rating 8 | 2 8 On Entrance 2 | . 4 Naked Turns . | . . Heaviest Build 33 | 12 33 Greatest Support 40 | 3 40 Greatest Overweight (x) 3 | 3 1 Average Overweight (x) . | 2 . Largest Inventory Capacity 15 | 8 15 Average Capacity 14 | 7 14 Most Carried 15 | 8 15 Average Carried 11 | 6 12 Final Capacity 15 | 8 15 Final Carried 13 | 8 13 Class Distribution -------------------- 100% | Mutant Dominant Class ---------------- Mutant | -10/Materials Resources | -11 -10 ----------- Run | Yrd Mat Matter Collected 461 | 240 221 Remotely . | . . Salvage Created 331 | . 331 Parts 34 | . 34 Haulers Intercepted . | . . Recyclers Shooed . | . . Parts Field Recycled . | . . Retrieved Matter . | . . Parts Self-Destructed . | . . Prevented . | . . Kills | -11 -10 ------- Run | Yrd Mat Combat Hostiles Destroyed 14 | . 14 Melee 1 | . 1 Guns 4 | . 4 Cannons 9 | . 9 Classes Destroyed 5 | . 5 Builder 1 | . 1 Operator 1 | . 1 Watcher 1 | . 1 Swarmer 9 | . 9 Grunt 5 | . 5 Best Kill Streak 5 | . 5 Combat Bots Only 4 | . 4 Max Kills in Single Turn 2 | . 2 Gunslinging . | . . Exploded . | . . Melee 1 | . 1 Uniques/NPCs Destroyed . | . . Combat | -11 -10 -------- Run | Yrd Mat Hostile Shots Fired 192 | . 192 Missed 61 | . 61 Hits 131 | . 131 Projectile 131 | . 131 Damage Taken 1141 | . 1141 Core 270 | . 270 Absorbed by Shields . | . . Core Remaining (%) 100 | 100 . Volleys Fired 52 | . 52 Largest 2 | . 2 Hottest 90 | . 90 Shots Fired 99 | . 99 Gun 41 | . 41 Cannon 58 | . 58 Launcher . | . . Special . | . . Kinetic 93 | . 93 Thermal 6 | . 6 Explosive . | . . Electromagnetic . | . . Robot Hit Streak 7 | . 7 Robot Miss Streak 7 | . 7 Penetration Max . | . . Secondary Targets . | . . Shots Hit Robots 46 | . 46 Core Hits 21 | . 21 Critical Kills 1 | . 1 Critical Parts Destroyed . | . . Critical Strikes 1 | . 1 Destroy 1 | . 1 Melee Attacks . | . . Impact . | . . Slashing . | . . Piercing . | . . Sneak Attacks . | . . Combat Hostiles . | . . Follow-up Attacks . | . . Damage Inflicted 687 | . 687 Guns 170 | . 170 Cannons 506 | . 506 Explosions . | . . Melee . | . . Ramming 11 | . 11 Kinetic 607 | . 607 Thermal 69 | . 69 Explosive . | . . Electromagnetic . | . . Impact . | . . Slashing . | . . Piercing . | . . Highest Corruption 3 | . 3 Average Corruption 2 | . 2 Corruption Purged . | . . Corruption Blocked . | . . Effects 7 | . 7 Message Errors 2 | . 2 Matter Fused 3 | . 3 Heat Flow Errors 1 | . 1 Data Loss (minor) 1 | . 1 Overload Shots . | . . Overflow Damage 11 | . 11 Projectiles 11 | . 11 Explosions . | . . Melee . | . . Knockbacks 8 | . 8 Impact . | . . Kinetic 8 | . 8 Secondary . | . . Self-Inflicted Damage . | . . Shots . | . . Rammed 1 | . 1 Targets Rammed 1 | . 1 Kicked . | . . Crushed . | . . Highest Temperature 80 | . 80 Average Temperature 29 | . 29 Received Heat Transfer 111 | . 111 Siege Activations . | . . Martial Activations . | . . Shielding Activations . | . . Robots Disrupted . | . . Combat Hostiles . | . . Robots Corrupted . | . . Combat Hostiles . | . . Parts Fried . | . . Impact Corruptions . | . . Robots Melted . | . . Combat Hostiles . | . . Parts Melted 1 | . 1 Heat Transferred 148 | . 148 Parts Sabotaged . | . . Parts Stolen . | . . Parts Stripped . | . . Power Chain Reactions . | . . Alert | -11 -10 ------- Run | Yrd Mat Maximum Alert Level . | . . Low Security (%) 100 | 100 100 Level 1 . | . . Level 2 . | . . Level 3 . | . . Level 4 . | . . Level 5 . | . . High Security . | . . Max Security . | . . Peak Influence 176 | . 176 Initial . | . . Average 63 | . 70 Influence Increases 404 | . 404 Destroy 0b10 Robot/C 280 | . 280 Destroy 0b10 Robot/NC 15 | . 15 Destroy Leader 42 | . 42 Successful Hack 7 | . 7 Disable Machine 30 | . 30 Lose Combat Pursuer 30 | . 30 Influence Decreases 358 | . 358 Time Decay 308 | . 308 Lost Part 50 | . 50 Squads Dispatched 1 | . 1 Investigation 1 | . 1 Extermination . | . . Reinforcement . | . . Assault . | . . Garrison . | . . Intercept . | . . Searches Triggered . | . . Construction Impeded . | . . Haulers Reinforced . | . . Active Scanning Responses . | . . Cargo Convoy Interrupts . | . . Stealth | -11 -10 --------- Run | Yrd Mat Distress Signals 2 | . 2 Communications Jammed . | . . Distress Signals . | . . Times Spotted 37 | . 37 Peak Tracking Total 8 | . 8 Tactical Retreats 2 | . 2 Traps | -11 -10 ------- Run | Yrd Mat Traps Triggered 2 | . 2 Indirectly . | . . Trap Hack Attempts . | . . Triggered . | . . Disarmed . | . . Reprogrammed . | . . Reused . | . . Traps Extracted . | . . Installed . | . . Triggered . | . . Machines | -11 -10 ---------- Run | Yrd Mat Machines Disabled 2 | . 2 Max in Single Turn 1 | . 1 Machines Repaired . | . . Machines Dismantled . | . . Machines Sabotaged . | . . Overloaded Fab Kills . | . . Hacking | -11 -10 --------- Run | Yrd Mat Machines Accessed 3 | . 3 Terminals 3 | . 3 Fabricators . | . . Repair Stations . | . . Recycling Units . | . . Scanalyzers . | . . Garrison Access . | . . Total Hacks 5 | . 5 Successful 5 | . 5 Failed . | . . Catastrophic . | . . Database Lockouts . | . . Manual 4 | . 4 Terminals 5 | . 5 Fabricators . | . . Repair Stations . | . . Recycling Units . | . . Scanalyzers . | . . Garrison Access . | . . Terminal Hacks 1 | . 1 Prototype ID Bank 1 | . 1 Fabricator Hacks . | . . Repair Station Hacks . | . . Recycling Unit Hacks . | . . Scanalyzer . | . . Garrison Access Hacks . | . . Unauthorized Hacks 4 | . 4 Terminals 4 | . 4 Assimilate 1 | . 1 Botnet 3 | . 3 Fabricators . | . . Repair Stations . | . . Recycling Units . | . . Scanalyzers . | . . Garrison Access . | . . Data Cores Recovered 1 | . 1 Used 1 | . 1 Hacking Detections 1 | . 1 Full Trace Events . | . . Feedback Events . | . . Feedback Blocked . | . . Robot Schematics Acquired . | . . Robots Built . | . . Authchips . | . . Time . | . . Total Robot Build Rating . | . . Part Schematics Acquired . | . . Parts Built . | . . Authchips . | . . Time . | . . Total Part Build Rating . | . . Parts Repaired . | . . Time . | . . Parts Recycled . | . . Recycled Matter . | . . Retrieved Matter . | . . Retrieved Components . | . . Parts Scanalyzed . | . . Part Schematics Acquired . | . . Parts Damaged . | . . Bothacking | -11 -10 ------------ Run | Yrd Mat Used RIF Installer . | . . Robots Hacked . | . . Non-combat . | . . Combat . | . . Robot Hacks Applied . | . . Relay Couplers Released . | . . Fabnet Peak Effective % . | . . Robots Rewired . | . . Allies Hacked . | . . Hacks Repelled . | . . Allies | -11 -10 -------- Run | Yrd Mat Total Allies 1 | . 1 Largest Group 1 | . 1 Highest-Rated Group 10 | . 10 Highest-Rated Ally 10 | . 10 Total Orders . | . . Ally Attacks . | . . Total Damage . | . . Kills . | . . Allies Corrupted . | . . Allies Melted . | . . Intel | -11 -10 ------- Run | Yrd Mat Active Infowar (turns) . | . . Robot Analysis Total . | . . Derelict Logs Recovered . | . . Drone Launches . | . . Drone Recoveries . | . . Exploration | -11 -10 ------------- Run | Yrd Mat Turns Passed 995 | 95 900 Spaces Moved 559 | 51 508 Core 51 | 51 . Treads 273 | . 273 Legs . | . . Wheels 235 | . 235 Hover . | . . Flight . | . . Fastest Speed 50 | 50 100 Average Speed 135 | 160 133 Slowest Speed 240 | 200 240 Overloaded Moves . | . . Propulsion Burnouts . | . . Robots Hopped . | . . Potential Cave-ins . | . . Cave-ins Triggered . | . . Exploration Rate (%) 42 | 4 80 Regions Visited 1 Branch Regions . Pre-discovered Areas . | . . Known Exits Taken . | . . Unknown Exits Taken 1 | 1 . Scrap Searched . | . . Spaces Dug . | . . Terrain Destroyed . | . . Melee . | . . Projectile . | . . AOE . | . . Terrain Rammed . | . . Walls Destroyed . | . . Machines Disabled . | . . Actions | -11 -10 --------- Run | Yrd Mat Total 704 | 64 640 Wait 47 | . 47 Move 558 | 50 508 Hop . | . . Pick Up 24 | 10 14 Fast Attach 2 | 2 . Attach 10 | 2 8 Detach 1 | . 1 Swap 6 | . 6 Drop 3 | . 3 Fire 52 | . 52 Melee . | . . Ram . | . . Kick . | . . Crush 1 | . 1 Escape Stasis . | . . Rewire . | . . Trap . | . . Miscellaneous . | . . Route ------- -11/Scrapyard -10/Materials (discovered 5 exits: [*Mat x2] / [*Min x2] / [*Sub]) History --------- Turn | Location | Event 14 | -11/Scrapyard | Discovered new exit (range 16) 96 | -11/Scrapyard | Entered Materials 253 | -10/Materials | Discovered new exit (range 11) 337 | -10/Materials | Build established: Mutant 384 | -10/Materials | Discovered new exit (range 15) 536 | -10/Materials | Core integrity fell below 50% 563 | -10/Materials | Discovered new exit (range 14) 656 | -10/Materials | Discovered new exit (range 15) 836 | -10/Materials | Discovered new exit (range 9) 896 | -10/Materials | Derelicts attacked the area 978 | -10/Materials | Core integrity fell below 20% 996 | -10/Materials | Destroyed by KZ-OG3(R) with Subdweller Machine Gun Last Messages --------------- 00836_ EXIT=FOUND 00896_ ALERT: Derelict incursion detected, dispatching patrols to target area. 00944_ R-06 Scavenger inserts Lgt. Ion Engine into recycling unit. 00945_ Recycling unit begins recycling process. 00947_ R-06 Scavenger inserts Terrain Scan Processor into recycling unit. 00952_ IQUR WH8UN5DA|EBNXJ5J:K%EWS UP5OC|NVQ2E 00968_ ALERT: Alarm triggered, dispatching investigation squad. 00969_ T-07 Excavator suffers critical hit (Destroy). 00969_ T-07 Excavator destroyed. 00969_ Lgt. Cannon destroyed. 00974_ System corrupted: Component data lost. 00978_ S-10 Pest destroyed. 00982_ Ion Engine destroyed. 00983_ S-10 Pest destroyed. 00984_ Lgt. Treads destroyed. Map ----- +----------------------------------------------------+ | # ] # / #???????????# # | | # = # # ########????# # | | # # # # ###### # | | "" + + # % # """ # # # | | "" # ########### % # """ # # # | | "" # #+########??# [%= % + """ # # # | | "" # # #??# % # # # # | | # + "" #??# # | # # | | #### #### Y" #??# ""% %#####+## / | | #??# #??# "" #### *!""" ##??# ## # | | #####+##### # [% " % T#??# ## ### | | ## # """ / ##??# ## #?? | | ## """ # """ # % ##### ######### | | ## """ # """ #^#### % ## | | ## """ # # #??# "" ! % ## """ | | ## ########## #??# " %%! ## """ | | / " " #????????# #??# R ## ! """ | | ## "R" #????????# #??# ! ## | | ## """ #????????# #??# % #?? | | ## #????????# ???# R""" % #####+## | | ###########????????? ???# " ! # | | #???????????????????+???# o "" =%* % | | #???????????????????????# "" |% # | | #???????????????????????# "" #T## #####+## | | #######?????????????????# "" ##?# #??? | | #?????????????????#@ """ #??# #???""" | | ##### #?????????????????# " #??# ???""" | | ????# #?????????????????+ #??# "???"""? | | ????# #?????????????????# #??# ##?? ? | | ????# #?????????????????# " #??# #???"""? | | ##### #######???????????# k """ #??# #??????? | | #???????????# """ #??# #??????? | | #####+##### #???????????# """ #??# #??????? | | ??? ??# #???????????## "" ? #??# #??????? | | ??# ## #######??????? ""??? #??# ???????? | | ??# """ ## #! #??????? "???????# ???????? | | ??# """ ## # #??????? ""???????? ???????? | | ??# """ ## # #??????? "??????????????????? | | ??# ## # """#??????? ???????????????????? | | ??######### # """#??????? ???????????????????? | | ???# # """#??????? ?????????????????????? | | ???# + #??????????????????????????????? | | ???# # """#??????????????????????????????? | | ???# ###### """#??????????????????????????????? | | ???#^^^?????# """#??????????????????????????????? | | ???#^^^?????# #??????????????????????????????? | | ???# ?????# #??????????????????????????????? | | ???+ ?????#######??????????????????????????????? | | ???# < ??????????????????????????????????????????? | | ???# ???????????????????????????????????????????? | +----------------------------------------------------+ Best States ------------- Heat Dissipation 39 Energy Generation 10 Energy Capacity 400 Matter Stores 300 Matter Capacity 300 Sight Range 16 Terrain Scan Density 10 Evasion (%) 50 Recoil Reduction 2 Item Schematics ----------------- None Robot Schematics ------------------ None Fabricated ------------ Nothing Repaired ---------- Nothing Alien Tech Used ----------------- None Achievements -------------- None Challenges ------------ None Game ------ Seed BombardmentThermicDoomcannon Manual? 0 Play Time 00:08:52 Cumulative 238.1 hours Start 2025.05.07 @ 20:45:22 End 2025.05.07 @ 20:54:00 Sessions 1 Manual Loads 0 Difficulty Rogue Special Mode None Game No. 357 Rogue 357 Adventurer 0 Explorer 0 Win Type - Total 1 Types 1/0/0/0/0/0/0/0/0/0 Lore% 46 Gallery% 59 Achievement% 43 Wizard Run 0 Options --------- Layout 1 ASCII 0 Keyboard 0 Movement Mouse Keybinds 0 Fullscreen 2 Font 24/Smallcaps Map View 50x35 Zoom Use 0% Tactical HUD 1 Map Filters NONE Filters NONE Steam 1 RUN: 8c85f9b8-d672-42b7-bdde-66b6788c95c9